 Dungeon Crawl Stone Soup version 0.24-a0-48-g0ecae65 (webtiles) character file.

Game seed: 5706540509729038626

80 Dantiko the Slasher (level 4, -2/37 HPs)
             Began as a Minotaur Gladiator on Feb 3, 2019.
             Slain by an ice beast (6 damage)
             ... on level 2 of the Dungeon.
             The game lasted 00:02:22 (1017 turns).

Dantiko the Slasher (Minotaur Gladiator)            Turns: 1017, Time: 00:02:23

Health: -2/37      AC:  3    Str: 18    XL:     4   Next: 18%
Magic:  3/3        EV: 13    Int:  5    God:
Gold:   41         SH:  0    Dex: 13    Spells: 3/3 levels left

rFire    . . .     SeeInvis .   a - +0 long sword
rCold    . . .     Gourm    .   (no shield)
rNeg     . . .     Faith    .   b - +0 leather armour
rPois    .         Spirit   .   c - +0 hat
rElec    .         Reflect  .   (no cloak)
rCorr    .         Harm     .   (no gloves)
MR       .....                  (no boots)
Stlth    +.........             (no amulet)
HPRegen  0.12/turn              (no ring)
MPRegen  0.08/turn              (no ring)

@: no status effects
A: retaliatory headbutt, horns 2
a: no special abilities


You were on level 2 of the Dungeon.
You were not hungry.

You visited 1 branch of the dungeon, and saw 2 of its levels.

You collected 41 gold pieces.

Inventory:

Hand Weapons
 a - a +0 long sword (weapon)
Missiles
 d - 3 throwing nets
 m - 42 stones (quivered)
 p - 14 poisoned needles
Armour
 b - a +0 leather armour (worn)
 c - a +0 hat (worn)
Jewellery
 i - a cursed ring of attention {unknown}
Scrolls
 e - a scroll of enchant weapon {unknown}
 g - a scroll of identify {unknown}
 h - a scroll of fear {unknown}
 j - a scroll of magic mapping {unknown}
 k - 2 scrolls of amnesia {unknown}
 l - a scroll of remove curse {unknown}
 n - 2 scrolls of random uselessness {unknown}
Comestibles
 f - 4 rations
 o - 9 chunks of flesh


   Skills:
 + Level 2.8 Fighting
 - Level 6.0 Long Blades
 - Level 2.0 Throwing
 - Level 3.2 Dodging


You had 3 spell levels left.
You didn't know any spells.
Your spell library was empty.

Dungeon Overview and Level Annotations

Branches:
Dungeon (2/15)

Altars:


Innate Abilities, Weirdness & Mutations

You reflexively headbutt those who attack you in melee.
You have a pair of horns on your head.


Message History

Press: ? - help, Shift-Dir - straight line, f - ice beast
Aim: an ice beast You throw a stone.
The stone barely misses the ice beast.
You hit the ice beast. Your headbutt misses the ice beast.
The ice beast is lightly wounded.
The ice beast hits you. The ice beast freezes you!
* * * LOW HITPOINT WARNING * * *
You are too injured to fight recklessly!
You are too injured to fight recklessly!
You are too injured to fight recklessly!
You are too injured to fight recklessly!
You are too injured to fight recklessly!
Sorry, you're not good enough to have a special ability.
You aren't carrying any potions.
You hit the ice beast. Your headbutt misses the ice beast.
The ice beast is moderately wounded.
The ice beast hits you.
* * * LOW HITPOINT WARNING * * *
The ice beast freezes you.
You die...

#### #######. . #+ ##...#
........ #. # #.###.##.#
.####### ..?
#.#..##....##.# # ....
#.............# #
(.?..##.##.##.....#.#######
...((..###.##..#...........
#(..##†.....÷÷#........
#.#(.Y@..#.##.#.#######
#...####.#.##.#.# ....#.##
#.#......# ......
#.#..#.### # #.#. #......#
#.#. ###.^### # #. #..#
#..# ####### ######..#
#......


You could see an ice beast.

Vanquished Creatures
  5 adders (D:2)
  2 dart slugs (D:1)
  A ball python (D:2)
  2 bats
  3 giant cockroaches
  6 hobgoblins
  2 kobolds (D:1)
  A quokka (D:2)
  A frilled lizard (D:1)
  4 goblins (D:1)
  3 rats (D:1)
30 creatures vanquished.

Notes
Turn   | Place    | Note
-------+----------+-------------------------------------------
     0 | D:1      | Dantiko the Minotaur Gladiator began the quest for the Orb.
     0 | D:1      | Reached XP level 1. HP: 18/18 MP: 0/0
   177 | D:1      | Reached skill level 4 in Long Blades
   247 | D:1      | Reached XP level 2. HP: 21/25 MP: 1/1
   638 | D:1      | Reached skill level 5 in Long Blades
   865 | D:2      | Reached XP level 3. HP: 24/30 MP: 2/2
   980 | D:2      | Reached skill level 6 in Long Blades
   980 | D:2      | Reached XP level 4. HP: 21/37 MP: 3/3
  1005 | D:2      | Noticed an ice beast
  1017 | D:2      | Slain by an ice beast

Vault maps used:
D:1:      lemuel_arrival_tunnels
D:2:      gammafunk_temple_overflow_elements, uniq_crazy_yiuf_cottage

Skill      XL: |  1  2  3 |
---------------+----------+-----
Long Blades    | 4 5 6 |  6.0
Fighting       | |  2.8
Throwing       | |  2.0
Dodging        | |  3.2

Action                   |  1- 3 |  4- 6 || total
-------------------------+-------+-------++-------
Melee: Long sword        |    59 |     6 ||    65
       Headbutt          |     6 |     2 ||     8
Throw: Stone             |    23 |     6 ||    29
Armor: Leather armour    |    15 |     3 ||    18
Dodge: Dodged            |    43 |     4 ||    47
       Rpst.: Long sword |     9 |     1 ||    10

Table legend:
 A = Non-vault XP
 B = Vault XP
 C = Vault XP percentage of total XP
 D = Non-vault monster count
 E = Vault monster count
 F = Vault count percentage of total count
                 A         B        C        D         E       F
            +---------+---------+-------+---------+---------+-------
      Total |     115 |       0 |   0.0 |      30 |       0 |   0.0
            +---------+---------+-------+---------+---------+-------
        D:1 |      35 |       0 |   0.0 |      19 |       0 |   0.0
        D:2 |      80 |       0 |   0.0 |      11 |       0 |   0.0
            +---------+---------+-------+---------+---------+-------
